 Dungeon Crawl Stone Soup version 0.29.0-11-gd7f09526c8 (webtiles) character file.

Game seed: 15779595668866180119

1096 unlimited1921 the Covered (level 8, 0/70 HPs)
             Began as a Minotaur Fighter on Sept 4, 2022.
             Slain by a gnoll
             ... wielding a +0 flail
              (7 damage)
             ... on level 5 of the Dungeon.
             The game lasted 00:18:04 (5898 turns).

unlimited1921 the Covered (Minotaur Fighter)        Turns: 5898, Time: 00:18:05

Health: 0/70       AC: 13    Str: 20    XL:     8   Next: 10%
Magic:  7/7        EV:  8    Int:  7    God:
Gold:   240        SH:  5    Dex: 11    Spells: 7/7 levels left

rFire   . . .      SeeInvis +   r - +0 mace (venom)
rCold   . . .      Faith    .   c - +0 buckler
rNeg    . . .      Spirit   .   G - +0 chain mail
rPois   +          Reflect  .   (helmet restricted)
rElec   .          Harm     .   A - +1 cloak
rCorr   .          Rampage  .   (no gloves)
Will    .....                   (no boots)
Stlth   ..........              (no amulet)
HPRegen 0.21/turn               q - ring of poison resistance
MPRegen 0.10/turn               B - ring of see invisible

@: no status effects
A: horns 2, retaliatory headbutt
a: no special abilities


You were on level 5 of the Dungeon.
You visited 1 branch of the dungeon, and saw 6 of its levels.

You collected 240 gold pieces.

Inventory:

Hand Weapons
 a - a +0 war axe
 r - a +0 mace of venom (weapon)
 z - a +3 quarterstaff of chaos
 F - a +2 short sword of speed
 I - a +0 rapier
 J - a +0 halberd
 L - a +2 dagger of holy wrath
Missiles
 h - 59 stones
 j - 4 poisoned darts
 u - 6 boomerangs
 E - 4 javelins
Armour
 b - a +0 scale mail
 c - a +0 buckler (worn)
 A - a +1 cloak (worn)
 G - a +0 chain mail (worn)
 M - the +0 leather armour of Indecent Exposure {rN+ Int+6}
   (You found it on level 6 of the Dungeon)

   Int:       It affects your intelligence (+6).
   rN:        It protects you from negative energy.
Jewellery
 q - a ring of poison resistance (left hand)
 B - a ring of see invisible (right hand)
Wands
 y - a wand of roots (7) (quivered)
 C - a wand of flame (1)
Scrolls
 e - 6 scrolls of identify {unknown}
 f - 2 scrolls of fear {unknown}
 i - 2 scrolls of teleportation {unknown}
 l - a scroll of enchant armour {unknown}
 o - 5 scrolls of immolation {unknown}
 s - a scroll of blinking {unknown}
 w - 3 scrolls of fog {unknown}
Potions
 d - 2 potions of might
 g - 6 potions of curing {unknown}
 k - 2 potions of degeneration {unknown}
 m - 3 potions of berserk rage {unknown}
 n - a potion of cancellation {unknown}
 p - a potion of flight {unknown}
 t - a potion of ambrosia {unknown}
 v - a potion of mutation {unknown}
 D - 2 potions of brilliance {unknown}
 H - 2 potions of heal wounds {unknown}
 K - a potion of resistance {unknown}


   Skills:
 + Level 5.9 Fighting
 + Level 4.1(5.5) Axes
 + Level 5.5(6.2) Maces & Flails
 + Level 0.5 Throwing
 + Level 7.3 Armour
 + Level 2.0 Dodging
 + Level 0.5 Stealth
 + Level 4.7 Shields
 + Level 0.8 Evocations


You had 7 spell levels left.
You didn't know any spells.
Your spell library contained the following spells:

 Spells                   Type           Power      Damage    Failure   Level
 Sandblast                Erth           0%         2d4       99%         1
 Dispersal                Tloc           0%         N/A       100%        6
 Disjunction              Tloc           0%         N/A       100%        8


Dungeon Overview and Level Annotations

Branches:
Dungeon (6/15)
 Temple: D:4-7

Altars:
Nemelex Xobeh
Okawaru
Uskayaw
Yredelemnul

Shops:
D:1 =

Annotations:
D:6 1 runed translucent door


Innate Abilities, Weirdness & Mutations

You have a pair of horns on your head.
You reflexively headbutt those who attack you in melee.


Message History

A gnoll is nearby!
The gnoll shouts!
The gnoll throws a stone.
The stone hits you.
* * * LOW HITPOINT WARNING * * *
You hear a zap.
You hear a grinding noise.
You hear a zap.
You hear a grinding noise.
The gnoll throws a stone.
The stone hits you but does no damage.
The gnoll throws a stone.
The stone hits you but does no damage.
A gnoll comes into view. It is wielding a +0 halberd.
Aiming: Throw Flame
Press: ? - help, Q - select action, (/) - cycle Shift-Dir - straight line, f - gnoll
Aim: a gnoll, wielding the +5 long sword of Awkwardness {vorpal, rF++}, quivering stones and carrying a wand of digging (3) (72% to hit)
The puff of flame hits the gnoll.
The gnoll resists.
The gnoll is lightly wounded.
A gnoll comes into view. It is wielding a +0 flail.
The gnoll throws a stone.
The stone hits you but does no damage.
The gnoll throws a stone.
The stone hits you.
* * * LOW HITPOINT WARNING * * *
The gnoll shouts!
The gnoll throws a stone.
The stone closely misses you.
The gnoll throws a stone.
The stone hits you but does no damage. The gnoll hits you with a +0 flail.
* * * LOW HITPOINT WARNING * * *
The gnoll attacks as you move away! The gnoll hits you with a +0 flail.
* * * LOW HITPOINT WARNING * * *
You block the gnoll's attack. The gnoll attacks as you move away!
The gnoll hits you with a +0 flail.
* * * LOW HITPOINT WARNING * * *
You hear a zap.
Some rock shatters into small pieces.
You are too injured to fight recklessly!
Aiming: Fastroot
Press: ? - help, Q - select action, (/) - cycle Shift-Dir - straight line, f - gnoll
Aim: a gnoll, wielding a +0 flail The roots erupt in riotous growth!
Roots grab the gnoll.
The grasping roots constrict the gnoll.
You hear a shout!
The gnoll hits you with a +0 flail!
You die...

#.............#>.......# #.
#.............#.##.###.####
#...............##.# #.....
#.............#.##.####.#.#
#...............##.........
##.....####.#.#†####.#.....
#....g###.#.##.# #...##.#
#.....g#.#.###.# ##..#...
#####...g@.....# #......
####.####### ##...._. #.#.
#.....). ## #. #...#... #.
#...##.# #. ##...... ##
#...... ##..... #.....


You could see 2 gnolls.

Vanquished Creatures
  A water moccasin (D:5)
  A black bear (D:6)
  2 ogres
  2 phantoms
  A necrophage (D:6)
  A wight (D:6)
  A gnoll bouda (D:4)
  An orc priest (D:4)
  Crazy Yiuf (D:2)
  Terence (D:3)
  An orc wizard (D:2)
  Natasha (twice) (D:3)
  3 iguanas
  8 gnolls
  4 adders
  A white imp (D:5)
  An ufetubus (D:4)
  2 dart slugs
  8 orcs
  9 bats
  An endoplasm (D:1)
  5 giant cockroaches
  3 hobgoblins (D:1)
  7 jackals (D:3)
  3 quokkas
  10 ball pythons
  A frilled lizard (D:2)
  4 goblins
  11 kobolds
  3 rats
  A bush (D:2)
100 creatures vanquished.

Vanquished Creatures (others)
  7 fungi
  4 plants (D:3)
11 creatures vanquished.

Grand Total: 111 creatures vanquished

Notes
Turn   | Place    | Note
-------+----------+-------------------------------------------
     0 | D:1      | unlimited1921 the Minotaur Fighter began the quest for the
                  | Orb.
     0 | D:1      | Reached XP level 1. HP: 19/19 MP: 0/0
    53 | D:1      | Found Xemolial's Jewellery Boutique.
   155 | D:1      | Reached XP level 2. HP: 27/27 MP: 1/1
   586 | D:1      | Reached skill level 4 in Armour
   934 | D:1      | Reached XP level 3. HP: 33/33 MP: 2/2
  1120 | D:2      | Reached XP level 4. HP: 24/40 MP: 3/3
  1971 | D:2      | Found a runed translucent door.
  1972 | D:2      | Noticed Crazy Yiuf
  1978 | D:2      | Killed Crazy Yiuf
  2368 | D:3      | Noticed Natasha
  2383 | D:3      | Killed Natasha
  2384 | D:3      | Reached XP level 5. HP: 42/47 MP: 4/4
  2684 | D:3      | Found a hide-covered altar of Uskayaw.
  2827 | D:3      | Reached skill level 1 in Maces & Flails
  2865 | D:3      | Found a faded altar of an unknown god.
  2871 | D:3      | Got Plato's Tome of Terra Firma
  2941 | D:3      | Noticed Terence
  2953 | D:3      | Killed Terence
  2954 | D:3      | Reached skill level 1 in Dodging
  3217 | D:3      | Noticed Natasha
  3225 | D:3      | Killed Natasha
  3226 | D:3      | Reached skill level 5 in Armour
  3465 | D:4      | Reached XP level 6. HP: 48/55 MP: 5/5
  3587 | D:4      | Found a sparkling altar of Nemelex Xobeh.
  3898 | D:4      | Reached skill level 5 in Fighting
  3898 | D:4      | Reached skill level 6 in Armour
  4294 | D:4      | Reached XP level 7. HP: 59/61 MP: 6/6
  4524 | D:5      | Entered Level 5 of the Dungeon
  4763 | D:5      | Found an iron altar of Okawaru.
  5479 | D:6      | Reached skill level 5 in Maces & Flails
  5559 | D:6      | Reached skill level 7 in Armour
  5695 | D:6      | Identified the +0 leather armour of Indecent Exposure {rN+
                  | Int+6}
  5719 | D:6      | Reached XP level 8. HP: 63/70 MP: 7/7
  5813 | D:6      | Found a runed translucent door.
  5816 | D:6      | Found a basalt altar of Yredelemnul.
  5859 | D:5      | Identified the +5 long sword of Awkwardness {vorpal, rF++}
  5898 | D:5      | Slain by a gnoll

Illustrated notes

Levels and vault maps discovered:
D:1:      mushboom_english_gardens, layout_basic, serial_shops,
          nicolae_shop_competitors_out_of_business,
          chequers_serial_rivers_micro_c
D:2:      layout_rooms, uniq_crazy_yiuf_cottage
D:3:      layout_loops_cross, nicolae_uskayaw_suspiria,
          shapermc_ecumenical_altar_rom_forum, amethyst_killhole, uniq_natasha,
          uniq_terence
D:4:      layout_rooms, nemelex_diamond_rough_becter
D:5:      layout_basic, okawaru_gym_becter
D:6:      layout_cave_pools, dk_yredelemnul_ordeal,
          minmay_temple_entry_butterflies, serial_shops, nicolae_take_the_stairs

Skill      XL: |  1  2  3  4  5  6  7  8 |
---------------+-------------------------+-----
Fighting       | 4 5 |  5.9
Armour         | 4 5 6 7 |  7.3
Shields        | 4 |  4.7
Axes           | 3 4 |  4.1
Maces & Flails | 2 3 5 |  5.5
Dodging        | 1 2 |  2.0
Throwing       | |  0.5
Stealth        | |  0.5
Evocations     | |  0.8

Action                   |  1- 3 |  4- 6 |  7- 9 || total
-------------------------+-------+-------+-------++-------
Melee: War axe           |    64 |       |       ||    64
       Headbutt          |     8 |    32 |    21 ||    61
       Mace              |       |   150 |    68 ||   218
Throw: Dart              |     3 |       |     4 ||     7
       Stone             |     1 |       |       ||     1
       Throwing net      |       |       |     1 ||     1
Evoke: Wand              |       |     9 |     6 ||    15
Armor: Scale mail        |    32 |    32 |       ||    64
       Chain mail        |       |    29 |    46 ||    75
Dodge: Dodged            |    40 |    43 |    41 ||   124
Block: Buckler           |    16 |    21 |    16 ||    53
